 Dungeon Crawl Stone Soup version 0.21.1-1-g345015f (webtiles) character file.

47 theblackcape the Conjurer (level 3, 0/28 HPs)
             Began as a Gnoll Wanderer on June 21, 2018.
             Slain by Sigmund
             ... wielding a +2 scythe of protection
              (2 damage)
             ... on level 2 of the Dungeon.
             The game lasted 00:07:12 (1212 turns).

theblackcape the Conjurer (Gnoll Wanderer)          Turns: 1212, Time: 00:07:14

Health: 0/28       AC:  2    Str: 19    XL:     3   Next: 70%
Magic:  4/7        EV: 11    Int: 16    God:
Gold:   53         SH:  0    Dex: 12    Spells: 2/7 levels left

rFire    . . .     SeeInvis .   m - +2 dagger (flame)
rCold    . . .     Gourm    .   (no shield)
rNeg     . . .     Faith    .   e - +0 robe
rPois    .         Spirit   .   (no helmet)
rElec    .         Reflect  .   (no cloak)
rCorr    .         Harm     .   (no gloves)
MR       .....                  (no boots)
Stlth    ++........             (no amulet)
HPRegen  0.09/turn              h - +4 ring of strength
MPRegen  0.10/turn              (no ring)

@: very slightly contaminated
A: distributed training, fangs 1, strong nose
a: no special abilities


You were on level 2 of the Dungeon.
You were hungry.

You visited 1 branch of the dungeon, and saw 2 of its levels.

You collected 53 gold pieces.

Inventory:

Hand Weapons
 b - a +0 hand crossbow
 m - a +2 dagger of flaming (weapon)
Missiles
 c - 15 bolts
 i - 41 stones (quivered)
Armour
 e - a +0 robe (worn)
Jewellery
 h - a +4 ring of strength (left hand)
Scrolls
 k - a scroll of remove curse
 l - 2 scrolls of identify {unknown}
Potions
 d - a potion of curing
 f - a potion of cancellation {unknown}
Books
 a - a book of Minor Magic

   Spells                             Type                      Level
   a - Magic Dart                     Conjuration                  1
   b - Blink                          Translocation                2
   c - Call Imp                       Summoning                    2
   d - Slow                           Hexes                        2
   e - Conjure Flame                  Conjuration/Fire             3
   f - Mephitic Cloud                 Conjuration/Poison/Air       3
Comestibles
 g - 2 rations


   Skills:
 + Level 2.6 Fighting
 + Level 0.9 Short Blades
 + Level 0.9 Long Blades
 + Level 0.9 Axes
 + Level 0.9 Maces & Flails
 + Level 0.9 Polearms
 + Level 0.9 Staves
 + Level 0.9 Slings
 + Level 0.9 Bows
 + Level 4.5 Crossbows
 + Level 0.9 Throwing
 + Level 0.9 Armour
 + Level 0.9 Dodging
 + Level 4.2 Stealth
 + Level 0.9 Shields
 + Level 0.9 Unarmed Combat
 + Level 2.8 Spellcasting
 + Level 5.4 Conjurations
 + Level 0.6 Hexes
 + Level 0.6 Charms
 + Level 0.6 Summonings
 + Level 0.6 Necromancy
 + Level 0.6 Translocations
 + Level 0.6 Transmutations
 + Level 0.6 Fire Magic
 + Level 0.6 Ice Magic
 + Level 0.6 Air Magic
 + Level 0.6 Earth Magic
 + Level 2.1 Poison Magic
 + Level 1.0 Invocations
 + Level 0.9 Evocations


You had 2 spell levels left.
You knew the following spells:

 Your Spells              Type           Power        Failure   Level  Hunger
a - Call Imp              Summ           #.......     22%         2    ##.....
b - Conjure Flame         Conj/Fire      ##......     16%         3    ###....


Dungeon Overview and Level Annotations

Branches:
Dungeon (2/15)

Altars:

Annotations:
D:2 Sigmund


Innate Abilities, Weirdness & Mutations

Your experience applies equally to all skills.
You have very sharp teeth.
Your uncanny sense of smell can sniff out nearby items.


Message History

Sigmund hits you with a scythe of protection!
* * * LOW HITPOINT WARNING * * *
Your crimson imp barely misses Sigmund.
You hit Sigmund but do no damage.
You feel less confused.
Your crimson imp closely misses Sigmund.
You hit Sigmund. You burn Sigmund.
Sigmund is lightly wounded.
Sigmund gestures at you while chanting. The magic dart hits you!
* * * LOW HITPOINT WARNING * * *
Your crimson imp hits Sigmund but does no damage.
You barely miss Sigmund.
Sigmund is lightly wounded.
Sigmund closely misses you.
Your crimson imp blinks!
You completely miss Sigmund.
Sigmund is lightly wounded.
Sigmund hits you with a scythe of protection.
You die...

..........##.#
#.#.........##.#
............##.#
###.##.###.#......
#...r......#..##.#
#.#.##.###.#..#...
#.#.##..##.#..#..#
#.#.#.##..##.#..#..#
#.#.#@......##.#..#...
#...@....#..##.#..##.#
#####ยง#.##..##.#......
....#.###.##.#......
##....# #..#.#.#.#.#
#....###......#.#.#
#.............#.#.#
.#####.<.####.#....#.#.#
........##...........#..


You could see Sigmund.

Vanquished Creatures
  A dart slug (D:2)
  7 goblins
  4 hobgoblins
  5 jackals
  2 kobolds (D:1)
  7 bats (D:1)
  2 frilled lizards (D:1)
  5 rats (D:1)
33 creatures vanquished.

Vanquished Creatures (collateral kills)
  An adder (D:2)
  A goblin (D:1)
  2 rats (D:1)
4 creatures vanquished.

Grand Total: 37 creatures vanquished

Notes
Turn   | Place    | Note
-------+----------+-------------------------------------------
     0 | D:1      | theblackcape the Gnoll Wanderer began the quest for the Orb.
     0 | D:1      | theblackcape set off with: a book of Minor Magic, a +0 hand crossbow, 18 bolts, a potion of curing, a +0 robe, a +0 dagger, a ration
     0 | D:1      | Reached XP level 1. HP: 17/17 MP: 4/4
   163 | D:1      | Reached XP level 2. HP: 23/23 MP: 5/5
   186 | D:1      | Learned a level 2 spell: Call Imp
   334 | D:1      | Reached XP level 3. HP: 28/28 MP: 2/7
   339 | D:1      | Learned a level 3 spell: Conjure Flame
   979 | D:2      | Reached skill level 1 in Invocations
  1195 | D:2      | Noticed Sigmund
  1210 | D:2      | HP: 1/28 [Sigmund/magic dart (6)]
  1212 | D:2      | Slain by Sigmund

Skill      XL: |  1  2  3 |
---------------+----------+-----
Poison Magic   | 2 |  2.1
Invocations    | 1 |  1.0
Fighting       | |  2.6
Short Blades   | |  0.9
Long Blades    | |  0.9
Axes           | |  0.9
Maces & Flails | |  0.9
Polearms       | |  0.9
Staves         | |  0.9
Slings         | |  0.9
Bows           | |  0.9
Crossbows      | |  4.5
Throwing       | |  0.9
Armour         | |  0.9
Dodging        | |  0.9
Stealth        | |  4.2
Shields        | |  0.9
Unarmed Combat | |  0.9
Spellcasting   | |  2.8
Conjurations   | |  5.4
Hexes          | |  0.6
Charms         | |  0.6
Summonings     | |  0.6
Necromancy     | |  0.6
Translocations | |  0.6
Transmutations | |  0.6
Fire Magic     | |  0.6
Ice Magic      | |  0.6
Air Magic      | |  0.6
Earth Magic    | |  0.6
Evocations     | |  0.9

Action                   || total
-------------------------++-------
Melee: Hand crossbow     ||     1
       Dagger            ||    20
       Bite              ||     1
 Fire: Hand crossbow     ||    40
Throw: Stone             ||     9
 Cast: Call Imp          ||    12
  Use: Scroll            ||     1
 Stab: Sleeping          ||     2
  Eat: Chunk             ||     1
Armor: Robe              ||     2
Dodge: Dodged            ||    14
